 Dungeon Crawl Stone Soup version 0.24-a0-420-g24607be9ce (webtiles) character file.

Game seed: 1949752641327553181

838 Laiders72 the Cudgeler (level 8, -4/64 HPs)
             Began as a Formicid Fighter on June 11, 2019.
             Was an Initiate of Ru.
             Slain by an orc warrior
             ... wielding a +0 battleaxe
              (21 damage)
             ... on level 6 of the Dungeon.
             The game lasted 00:14:33 (4523 turns).

Laiders72 the Cudgeler (Formicid Fighter)           Turns: 4523, Time: 00:14:34

Health: -4/64      AC: 11    Str: 21    XL:     8   Next: 19%
Magic:  0/8        EV:  6    Int:  9    God:    Ru [......]
Gold:   252        SH: 10    Dex: 11    Spells: 7/7 levels left

rFire    . . .     SeeInvis +   a - +1 flail
rCold    . . .     Gourm    .   c - +0 shield
rNeg     + . .     Faith    .   u - +0 chain mail (curse)
rPois    .         Spirit   +   (helmet unavailable)
rElec    .         Reflect  .   (no cloak)
rCorr    +         Harm     .   (no gloves)
MR       .....                  e - +1 pair of boots
Stlth    ..........             d - amulet of guardian spirit
HPRegen  0.20/turn              m - ring of positive energy
MPRegen  0.11/turn              o - ring of resist corrosion

@: no status effects
A: permanent stasis, dig shafts and tunnels, four strong arms, antennae 3
a: Dig, Shaft Self, Renounce Religion


You were on level 6 of the Dungeon.
You worshipped Ru.
Ru was noncommittal.
You were not hungry.

You visited 2 branches of the dungeon, and saw 7 of its levels.
You also visited: Sewer.

You collected 252 gold pieces.

Inventory:

Hand Weapons
 a - a +1 flail (weapon)
 h - a +0 morningstar
Missiles
 k - 3 javelins (quivered)
 l - 7 datura-tipped darts
 r - 4 boomerangs
Armour
 c - a +0 shield (worn)
 e - a +1 pair of boots (worn)
 t - a +4 ring mail
 u - a cursed +0 chain mail (worn)
Jewellery
 d - an amulet of guardian spirit (around neck)
 m - a ring of positive energy (left hand)
 o - a ring of resist corrosion (right hand)
Wands
 b - a wand of scattershot (7)
 v - a wand of flame (8)
Scrolls
 p - a scroll of identify
 q - a scroll of amnesia
Potions
 g - 4 potions of curing
 j - 4 potions of brilliance
 n - a potion of magic {unknown}
Comestibles
 f - 7 rations


   Skills:
 + Level 5.9 Fighting
 * Level 6.7 Maces & Flails
 - Level 3.2 Armour
 + Level 5.6 Shields


You had 7 spell levels left.
You didn't know any spells.
Your spell library was empty.

Dungeon Overview and Level Annotations

Branches:
Dungeon (6/15)             Temple (1/1) D:4

Altars:
Ashenzari
Cheibriados
Dithmenos
Elyvilon
Fedhas
Gozag
Hepliaklqana
Kikubaaqudgha
Makhleb
Okawaru
Qazlal
Ru
Sif Muna
Trog
Uskayaw
Vehumet
Wu Jian
Xom
Yredelemnul

Annotations:
D:4 Menkaure


Innate Abilities, Weirdness & Mutations

You cannot be hasted, slowed, berserked, paralysed or teleported.
You can dig through walls and to a lower floor.
Your four strong arms can wield two-handed weapons with a shield.
You have a pair of large antennae on your head. (SInv)


Message History

Okay, then.
Okay, then.
Evoke which item? (* to show all) (? for menu, Esc to quit)
Okay, then.
You closely miss the orc warrior.
The orc warrior is moderately wounded.
The orc warrior hits you with a +0 battleaxe!
* * * LOW HITPOINT WARNING * * *
You sock the orc warrior!
The orc warrior is almost dead.
You block the orc warrior's attack.
You closely miss the orc warrior.
The orc warrior is almost dead.
You block the orc warrior's attack.
You barely miss the orc warrior.
The orc warrior is severely wounded.
The orc wizard gestures at you while chanting.
The magic dart hits you but does no damage.
The orc warrior hits you with a +0 battleaxe!!
You die...

#..# ...# #... ...# #
# ... ...#.## .. ...
......# #.. ..
###......# #?.#.#
##......>##
#..!.####.o@.......
###...#..#oo....[...
#?...o...o##........
#.##......####.......
#.........# .......
##.......... .....#.
#...#.....##......#
#.#..##.........#...
#.#.. ........ ..#.


You could see an orc warrior, an orc wizard (invisible) and 2 orcs.

Vanquished Creatures
  A sky beast (D:5)
  A necrophage (D:5)
  An ogre (D:4)
  2 bullfrogs (Sewer)
  A scorpion (D:4)
  2 hounds (D:5)
  A gnoll shaman (D:5)
  Terence (D:2)
  A worker ant (D:4)
  A hound skeleton (D:4)
  Robin (D:2)
  5 adders
  4 gnolls (D:5)
  An ooze (D:2)
  An adder zombie (D:5)
  2 worms (D:5)
  A dart slug (D:2)
  3 leopard geckos
  6 orcs (D:5)
  6 ball pythons
  13 bats
  12 giant cockroaches
  7 hobgoblins
  18 jackals
  16 frilled lizards
  17 goblins
  A jackal skeleton (D:5)
  5 kobolds
  A leopard gecko zombie (D:5)
  2 rats
134 creatures vanquished.

Notes
Turn   | Place    | Note
-------+----------+-------------------------------------------
     0 | D:1      | Laiders72 the Formicid Fighter began the quest for the Orb.
     0 | D:1      | Reached XP level 1. HP: 18/18 MP: 1/1
    75 | D:1      | Reached XP level 2. HP: 17/24 MP: 2/2
   459 | D:1      | Reached XP level 3. HP: 30/30 MP: 3/3
   465 | D:1      | Reached skill level 3 in Maces & Flails
  1015 | D:2      | Found a stormy altar of Qazlal.
  1068 | D:2      | Found a snail-covered altar of Cheibriados.
  1257 | D:2      | Reached XP level 4. HP: 37/37 MP: 4/4
  1483 | D:2      | Noticed Robin
  1521 | D:2      | Killed Robin
  1771 | D:2      | Reached skill level 4 in Maces & Flails
  1810 | D:2      | Noticed Terence
  1828 | D:2      | Killed Terence
  1828 | D:2      | Reached XP level 5. HP: 16/43 MP: 5/5
  2866 | D:4      | Noticed an ogre
  2872 | D:4      | Killed an ogre
  2872 | D:4      | Reached XP level 6. HP: 49/49 MP: 6/6
  2876 | D:4      | Reached skill level 5 in Maces & Flails
  2931 | D:4      | Reached skill level 5 in Fighting
  3133 | D:4      | Found a staircase to the Ecumenical Temple.
  3150 | D:4      | Noticed Menkaure
  3157 | D:4      | Noticed a phantom
  3159 | Temple   | Entered the Ecumenical Temple
  3339 | Temple   | Became a worshipper of Ru the Awakened
  3388 | D:5      | Entered Level 5 of the Dungeon
  3462 | D:5      | Reached XP level 7. HP: 36/56 MP: 5/7
  3667 | D:5      | Reached skill level 6 in Maces & Flails
  3675 | D:5      | Reached skill level 5 in Shields
  3754 | D:5      | Found a glowing drain.
  3789 | Sewer    | Entered a sewer
  4060 | Sewer    | Reached XP level 8. HP: 55/61 MP: 6/8
  4523 | D:6      | Slain by an orc warrior

Levels and vault maps discovered:
D:1:      kennysheep_arrival_forest, layout_loops_ring
D:2:      layout_basic, kennysheep_slug_shrine, grunt_qazlal_sundering,
          uniq_robin, uniq_terence
D:3:      layout_basic
D:4:      layout_cave_pods, minmay_temple_entry_ruins,
          nemelex_lonely_heart_becter, uniq_menkaure
D:5:      layout_rooms, cheibrodos_sewer_entry_bend, first_ration
D:6:      layout_cave_pools, minmay_splitting_lines
Temple:   compressed_dpeg_triangle_lava_temple

Skill      XL: |  1  2  3  4  5  6  7 |
---------------+----------------------+-----
Maces & Flails | 3 4 5 6 |  6.7
Fighting       | 4 5 |  5.9
Shields        | 4 5 |  5.6
Armour         | |  3.2

Action                   |  1- 3 |  4- 6 |  7- 9 || total
-------------------------+-------+-------+-------++-------
Melee: Flail             |   191 |   211 |   164 ||   566
  Use: Potion            |       |     2 |     1 ||     3
       Scroll            |       |     3 |     7 ||    10
  Eat: Chunk             |     1 |     7 |     5 ||    13
Armor: Scale mail        |   144 |    49 |       ||   193
       Ring mail         |       |    35 |       ||    35
       Chain mail        |       |    53 |    71 ||   124
Dodge: Dodged            |    68 |    75 |    28 ||   171
Block: Shield            |   135 |   140 |    77 ||   352

Table legend:
 A = Non-vault XP
 B = Vault XP
 C = Vault XP percentage of total XP
 D = Non-vault monster count
 E = Vault monster count
 F = Vault count percentage of total count
                 A         B        C        D         E       F
            +---------+---------+-------+---------+---------+-------
      Total |     896 |     302 |  25.2 |     100 |      34 |  25.4
            +---------+---------+-------+---------+---------+-------
        D:1 |      53 |       0 |   0.0 |      32 |       0 |   0.0
        D:2 |      47 |      73 |  60.8 |      18 |      13 |  41.9
        D:3 |      34 |       0 |   0.0 |      12 |       0 |   0.0
        D:4 |     262 |       0 |   0.0 |      14 |       0 |   0.0
        D:5 |     500 |      10 |   2.0 |      24 |       2 |   7.7
      Sewer |       0 |     219 | 100.0 |       0 |      19 | 100.0
            +---------+---------+-------+---------+---------+-------
